[Event "Team 45 45 League T25"]
[Site "Internet Chess Club"]
[Date "2004.12.18"]
[Round "2"]
[White "trikmamak"]
[Black "Frankenstein"]
[Result "0-1"]
[WhiteElo "2230"]
[BlackElo "2260"]
[TimeControl "2700+45"]

1. e4 e6 2. d4 d5 3. Nc3 Bb4 4. e5 c5 5. a3 Bxc3+ 6. bxc3 Ne7 7. a4 Qa5 8. Qd2
Bd7 9. Nf3 Nbc6 10. Be2 Rc8 11. O-O cxd4 12. cxd4 Qxd2 13. Bxd2 Nf5 14. c3 Na5
15. Rfb1 O-O 16. g4 Ne7 17. c4 Nxc4 18. Bb4 Rfe8 19. Bxe7 Rxe7 20. Rxb7 a5 21.
Ra7 f6 22. Rb1 Kf7 23. Rbb7 Ke8 24. g5 f5 25. Ne1 Rc6 26. Bxc4 dxc4 27. Nc2 c3
28. Rxa5 Rc4 29. Ra8+ Kf7 30. Rb4 Rc7 31. d5 exd5 32. f4 d4 33. Rxd4 Bc6 34. Ra5
Be4 35. Rxe4 fxe4 36. f5 Ra7 37. e6+ Kf8 38. Rc5 Rec7 39. Rd5 Ke7 40. Rd4 Ra5
41. Rxe4 Rxf5 42. h4 Rd5 43. Ne3 Ra5 44. Nc2 Ra6 45. Nd4 c2 46. Nf5+ Ke8 47.
Nxg7+ Rxg7 48. Rc4 Rxe6 49. Rxc2 Re4 50. Rc8+ Kf7 51. Rc7+ Kf8 52. Rc8+ Re8 53.
Rc6 Ra7 54. Rc4 Re2 55. Kf1 Ra2 {White resigns} 0-1

[Event "Team 45 45 League T25"]
[Site "Internet Chess Club"]
[Date "2004.12.17"]
[Round "2"]
[White "NinthRank"]
[Black "zota"]
[Result "1-0"]
[WhiteElo "1813"]
[BlackElo "1722"]
[TimeControl "2700+45"]

1. e4 c5 2. Nf3 d6 3. d4 cxd4 4. Nxd4 Nf6 5. Nc3 a6 6. Be2 e5 7. Nb3 Be7 8. a4
Be6 9. Be3 d5 10. exd5 Nxd5 11. Nxd5 Bxd5 12. O-O O-O 13. a5 Bxb3 14. cxb3 Nc6
15. Bb6 Qc8 16. Bg4 f5 17. Qd5+ Kh8 18. Be2 Rf6 19. Rfd1 Bd6 20. Rac1 e4 21. Bd4
Rh6 22. h3 Qf8 23. Bc5 Rd8 24. b4 Qf6 25. Bxd6 Rxd6 26. Qc4 Nd4 27. Rxd4 Rc6 28.
Rcd1 {Black resigns} 1-0

[Event "Team 45 45 League T25"]
[Site "Internet Chess Club"]
[Date "2004.12.17"]
[Round "2"]
[White "JSC"]
[Black "WillyPete"]
[Result "1/2-1/2"]
[WhiteElo "1884"]
[BlackElo "1780"]
[TimeControl "2700+45"]

1. e4 e5 2. f4 Bc5 3. Nf3 d6 4. Nc3 Nc6 5. Bb5 Bd7 6. d3 Nge7 7. f5 a6 8. Bc4
Na5 9. Bb3 Nxb3 10. axb3 Bc6 11. Rf1 Qd7 12. Ng5 Ng8 13. Qh5 Nf6 14. Qh4 O-O-O
15. Nf3 Rhe8 16. Bg5 Qe7 17. Nd5 Bxd5 18. exd5 h6 19. Bxf6 gxf6 20. Nd2 Be3 21.
Ne4 Bg5 22. Qf2 c6 23. dxc6 d5 24. cxb7+ Kb8 25. Rxa6 d4 26. Ke2 Be3 27. Qe1 Qc7
28. Ra8+ Kxb7 29. Rxd8 Qxc2+ 30. Kf3 Rxd8 31. Qb4+ Kc8 32. Nc5 e4+ 33. dxe4 Kc7
34. Qb7+ Kd6 35. Qb6+ Ke7 36. Qc7+ Ke8 37. Qc6+ Ke7 38. Qc7+ Ke8 39. Qc6+ Ke7
40. Qc7+ Ke8 {Game drawn by repetition} 1/2-1/2

[Event "Team 45 45 League T25"]
[Site "Internet Chess Club"]
[Date "2004.12.18"]
[Round "2"]
[White "carrotop"]
[Black "LadyLuck"]
[Result "1-0"]
[WhiteElo "1629"]
[BlackElo "1917"]
[TimeControl "2700+45"]

1. e4 d5 2. exd5 Qxd5 3. Nc3 Qe5+ 4. Be2 c6 5. d4 Qc7 6. Nf3 Bf5 7. Be3 Nf6 8.
Qd2 e6 9. Nh4 Bg6 10. Nxg6 hxg6 11. O-O-O Bb4 12. Qd3 Qa5 13. a3 Bxc3 14. Qxc3
Qxc3 15. bxc3 Ne4 16. Kb2 Nd7 17. f3 Nef6 18. c4 b5 19. Kc3 bxc4 20. Bxc4 Nd5+
21. Kd3 N7b6 22. Bd2 Na4 23. Rb1 Nab6 24. Bb3 Ke7 25. c4 Nf6 26. Bb4+ Kd7 27. h3
Nh5 28. Bd2 Ng3 29. Rhd1 Nf5 30. c5 Nd5 31. Bxd5 exd5 32. Rb7+ Ke6 33. Bg5 Nh6
34. Re1+ Kf5 35. Re5# {Black checkmated} 1-0